Map: Interloper LE

Players

Ciclano - Winner!

  • Race: Protoss Protoss
  • League: Platinum
  • Spawn Location: 11:00

LeOrange

  • Race: Terran Terran
  • League: Platinum
  • Spawn Location: 5:00

VOD

Have the link to the VOD?

Description

Time

  • Played on: Aug. 10, 2017, 8:07 p.m.
  • Length: 20:49
Show
View Real Time Build Order
Export as new Build Order

Ciclano Protoss - Winner!

Build Orders: 1 Gate Expand 

Get SALT Encoding   

  12  0:01  Probe (Chrono Boost)  
  13  0:11  Probe (Chrono Boost)  
  14  0:18  Pylon  
  14  0:22  Probe (Chrono Boost)  
  15  0:36  Probe (Chrono Boost)  
  15  0:40  Gateway  
  16  0:44  Assimilator  
  16  0:47  Probe (Chrono Boost)  
  17  0:57  Probe (Chrono Boost)  
  18  1:08  Probe (Chrono Boost)  
  19  1:31  Nexus  
  19  1:37  Cybernetics Core  
  19  1:43  Assimilator  
  19  1:57  Probe (Chrono Boost)  
  19  1:58  Pylon  
  20  2:07  Probe (Chrono Boost)  
  21  2:13  Sentry (Chrono Boost)  
  23  2:18  Probe  
  24  2:24  Gateway  
  24  2:25  Gateway  
  24  2:32  Warp Gate (Chrono Boost)  
  24  2:34  Adept  
  26  2:48  Probe  
  26  2:50  Probe  
  28  3:01  Adept  
  30  3:06  Robotics Facility  
  30  3:07  Probe  
  31  3:16  Probe  
  31  3:19  Adept x2  
  36  3:27  Pylon  
  36  3:34  Probe  
  36  3:40  Mothership Core  
  39  3:46  Adept, Probe  
  43  3:55  Observer  
  43  3:56  Probe  
  43  4:01  Adept  
  43  4:02  Adept, Pylon  
  48  4:07  Probe  
  49  4:10  Probe  
  51  4:17  Observer  
  51  4:19  Probe  
  51  4:23  Probe  
  52  4:31  Pylon  
  53  4:39  Immortal, Pylon  
  53  4:40  Stalker  
  59  4:46  Sentry  
  61  4:53  Probe  
  61  4:56  Stalker  
  64  5:00  Probe  
  64  5:01  Assimilator  
  64  5:04  Assimilator  
  64  5:05  Probe  
  66  5:10  Probe  
  66  5:12  Stalker x2  
  71  5:22  Probe  
  71  5:25  Probe  
  73  5:40  Nexus  
  73  5:42  Pylon  
  73  5:44  Pylon  
  73  5:47  Probe  
  74  5:50  Stalker x2  
  74  5:56  Pylon  
  78  6:10  Pylon  
  78  6:12  Probe  
  78  6:13  Probe  
  54  6:46  Adept x3  
  60  6:53  Probe  
  60  6:54  Gateway, Probe  
  60  6:55  Gateway  
  60  6:58  Gateway  
  60  6:59  Probe  
  60  7:00  Assimilator  
  60  7:01  Gateway  
  63  7:03  Probe  
  63  7:07  Forge  
  63  7:08  Immortal  
  68  7:13  Adept x3  
  74  7:19  Probe  
  74  7:20  Probe x2  
  74  7:21  Twilight Council  
  77  7:30  Probe  
  77  7:32  Probe  
  77  7:33  Sentry  
  77  7:34  Sentry x2  
  85  7:38  Probe  
  86  7:46  Probe, Stargate  
  86  7:49  Probe x2  
  89  7:54  Immortal  
  93  8:01  Assimilator  
  87  8:08  Probe  
  88  8:16  Probe x2, Photon Cannon  
  88  8:17  Photon Cannon  
  90  8:20  Probe  
  90  8:21  Photon Cannon  
  90  8:25  Pylon  
  91  8:34  Robotics Facility  
  91  8:36  Probe x2  
  91  8:38  Probe  
  91  8:39  Fleet Beacon  
  91  8:41  Protoss Ground Weapons Level 1  
  94  8:47  Pylon, Probe x2  
  94  8:51  Stalker  
  98  8:59  Probe  
  99  9:04  Photon Cannon  
  99  9:14  Photon Cannon  
  97  9:21  Photon Cannon  
  97  9:28  Probe  
  97  9:29  Probe  
  97  9:31  Stalker x3  
  103  9:35  Nexus  
  103  9:36  Pylon  
  105  9:38  Assimilator  
  105  9:45  Robotics Bay  
  105  9:50  Probe  
  105  9:51  Probe  
  113  10:10  Probe  
  114  10:15  Stalker x5  
  114  10:16  Stalker x2  
  128  10:37  Colossus (Chrono Boost)  
  140  10:43  Colossus (Chrono Boost), Extended Thermal Lance  
  140  10:54  Pylon  
  140  11:00  Probe x2  
  140  11:01  Probe, Templar Archives  
  143  11:18  Nexus  
  143  11:21  Photon Cannon  
  143  11:22  Pylon  
  143  11:23  Photon Cannon  
  143  11:26  Probe  
  143  11:27  Probe  
  145  11:40  Carrier, Pylon  
  145  11:42  Pylon  
  145  11:45  Probe  
  145  11:46  Probe  
  153  11:52  Photon Cannon  
  153  11:54  Photon Cannon  
  153  11:55  Blink, Photon Cannon  
  153  11:57  Protoss Ground Weapons Level 2  
  153  12:01  High Templar x7  
  153  12:04  Psionic Storm  
  167  12:18  Pylon  
  167  12:21  Photon Cannon  
  167  12:23  Photon Cannon  
  173  12:31  Colossus (Chrono Boost)  
  173  12:32  Colossus (Chrono Boost)  
  178  12:43  Nexus  
  178  12:53  Stargate  
  178  13:08  Photon Cannon  
  178  13:10  Photon Cannon  
  178  13:25  Photon Cannon  
  178  13:26  Pylon  
  178  13:28  Assimilator  
  178  13:44  Carrier  
  184  14:09  Carrier  
  188  14:15  Stargate  
  188  14:20  Protoss Shields Level 1 (Chrono Boost)  
  188  14:36  Fleet Beacon  
  182  14:45  Cybernetics Core, Protoss Air Weapons Level 1  
  179  15:05  Carrier  
  179  15:06  Nexus  
  185  15:17  Pylon  
  185  15:18  Pylon  
  185  15:21  Photon Cannon  
  185  15:24  Photon Cannon  
  185  15:25  Photon Cannon  
  185  15:27  Photon Cannon  
  185  15:29  Photon Cannon  
  185  15:34  Carrier, Photon Cannon  
  185  15:35  Photon Cannon  
  191  15:36  Photon Cannon  
  191  15:38  Photon Cannon  
  191  15:40  Photon Cannon  
  191  15:41  Graviton Catapult  
  187  16:08  Carrier  
  140  16:30  Carrier  
  146  16:35  Stargate  
  146  16:38  Stargate  
  138  17:01  Stalker x7  
  152  17:10  Mothership Core  
  154  17:17  Protoss Shields Level 2 (Chrono Boost)  
  160  17:52  Nexus  
  160  17:54  Pylon  
  160  17:56  Assimilator  
  160  17:57  High Templar x2  
  164  18:00  Assimilator  
  164  18:09  Pylon  
  164  18:12  Carrier  
  170  18:25  Stalker x5  
  180  18:36  Carrier  
  186  18:52  High Templar  
  186  18:54  High Templar  
  190  19:17  High Templar  
  190  19:18  High Templar  
  196  20:06  Stalker x6  
Show
View Real Time Build Order
Export as new Build Order

LeOrange Terran 

Build Orders: 1/1/1, Cyclone Opening 

Get SALT Encoding   

  12  0:00  SCV  
  13  0:12  SCV  
  14  0:17  Supply Depot  
  14  0:24  SCV  
  15  0:29  Refinery  
  15  0:39  SCV  
  16  0:46  Barracks  
  16  0:51  SCV  
  16  0:56  Refinery  
  17  1:03  SCV  
  18  1:15  SCV  
  19  1:33  Reaper, Orbital Command  
  19  1:36  Factory  
  20  1:46  Supply Depot  
  20  1:58  SCV  
  21  2:05  Reaper  
  22  2:10  SCV  
  23  2:20  Cyclone  
  26  2:23  SCV  
  26  2:24  Starport  
  27  2:35  SCV, Supply Depot  
  28  2:47  SCV  
  29  2:53  Barracks Tech Lab  
  29  2:59  SCV  
  29  3:01  Factory Tech Lab  
  29  3:03  Hellion  
  32  3:14  Command Center  
  32  3:16  SCV  
  33  3:25  Factory Tech Lab  
  33  3:28  SCV  
  33  3:32  Supply Depot  
  34  3:35  Barracks Reactor  
  34  3:40  SCV  
  35  3:44  Raven  
  37  3:52  SCV  
  37  3:54  Siege Tank  
  41  4:04  SCV  
  42  4:12  Marine  
  42  4:13  Marine  
  42  4:16  SCV  
  45  4:29  SCV  
  46  4:41  SCV  
  46  4:42  Supply Depot, Marine x2  
  46  4:43  Medivac, Siege Tank  
  55  4:53  SCV, Orbital Command  
  55  5:05  SCV  
  56  5:08  Marine x2  
  56  5:10  Supply Depot  
  56  5:13  Medivac  
  60  5:18  Barracks, SCV  
  60  5:19  Barracks, SCV  
  62  5:23  Engineering Bay  
  62  5:30  SCV  
  62  5:31  SCV  
  64  5:36  Marine  
  64  5:37  Marine, Siege Tank  
  64  5:42  SCV  
  70  5:43  SCV  
  70  5:49  Supply Depot  
  71  5:54  SCV  
  71  5:55  SCV  
  73  6:11  Marine x2  
  75  6:12  Barracks Reactor x2  
  75  6:15  Barracks Reactor  
  63  6:47  SCV  
  63  6:48  SCV, Marine x2  
  63  6:50  Stimpack  
  63  6:53  Marine x3  
  63  6:54  Siege Tank  
  73  6:57  Starport Reactor  
  73  6:59  Supply Depot, SCV  
  74  7:11  SCV x2  
  74  7:13  Terran Infantry Weapons Level 1  
  76  7:17  Refinery  
  76  7:19  Refinery  
  76  7:22  Marine x5  
  79  7:23  SCV  
  79  7:24  SCV  
  79  7:26  Siege Tank  
  79  7:28  Supply Depot  
  86  7:32  Command Center  
  86  7:39  Barracks  
  86  7:40  Marine x5  
  86  7:43  Barracks  
  91  7:46  Medivac  
  91  7:47  Medivac  
  95  7:52  Supply Depot  
  95  7:58  Marine x4, Siege Tank  
  101  8:05  Marine  
  103  8:15  Supply Depot, Marine x2  
  103  8:16  Marine x2  
  103  8:17  SCV x2  
  109  8:23  Marine  
  111  8:29  SCV x2, Barracks Reactor  
  111  8:30  Siege Tank  
  111  8:32  Barracks Reactor  
  111  8:33  Marine x3  
  118  8:36  Marine  
  118  8:38  Supply Depot  
  118  8:40  Marine  
  118  8:41  SCV x2  
  122  8:51  Marine x2  
  124  9:02  Marine, Siege Tank  
  128  9:16  Marine x7  
  128  9:17  Marine  
  135  9:18  Medivac x2  
  135  9:19  Marine  
  135  9:22  Supply Depot  
  141  9:27  SCV x2  
  144  9:33  Marine  
  144  9:34  Refinery, Marine, Siege Tank  
  144  9:36  Planetary Fortress, Refinery  
  144  9:37  Marine x7  
  155  9:45  Supply Depot  
  155  9:51  Marine x2  
  157  9:55  Marine x4  
  161  10:27  Supply Depot  
  161  10:29  Marine x2  
  161  10:30  Marine x7  
  161  10:31  Medivac, Siege Tank  
  161  10:32  Medivac  
  177  10:37  Terran Infantry Armor Level 1  
  177  10:41  Engineering Bay  
  177  10:42  Armory  
  177  10:47  Marine x3  
  177  10:48  Marine  
  177  10:49  Marine x5  
  186  10:51  Supply Depot  
  186  11:03  Siege Tank  
  189  11:08  Liberator  
  189  11:12  Marine x2  
  191  11:22  Marine  
  192  11:26  Marine  
  192  11:27  Marine  
  197  11:33  Supply Depot  
  197  11:37  Liberator  
  197  11:47  Command Center  
  200  12:26  Marine  
  200  12:27  Marine  
  200  12:30  Marine  
  200  12:31  Marine  
  200  12:54  Terran Infantry Weapons Level 2, Terran Infantry Armor Level 2  
  200  13:40  Starport  
  200  13:43  Starport  
  200  13:47  Starport, Marine  
  200  13:48  Marine  
  198  13:49  Siege Tank  
  157  14:07  Marine x4  
  157  14:08  Marine x5  
  135  14:10  Medivac x2  
  139  14:21  Siege Tank  
  142  14:25  Marine x6  
  142  14:26  Marine x3  
  147  14:40  Medivac x2  
  147  14:43  Marine x7  
  161  14:53  Liberator x2, Siege Tank  
  154  15:03  Starport Tech Lab x2  
  154  15:04  Marine x2, Starport Tech Lab  
  154  15:05  Marine x7  
  163  15:22  Marine x4  
  163  15:23  Marine x5  
  163  15:25  Refinery, Siege Tank  
  163  15:28  Refinery  
  175  15:31  Terran Infantry Weapons Level 3, Fusion Core, Terran Infantry Armor Level 3  
  175  15:40  Marine x5  
  175  15:41  Viking x3, Marine x4  
  190  15:53  Viking x2  
  191  15:58  Marine x5  
  191  16:03  Marine x3  
  191  16:04  Marine  
  181  16:11  Viking  
  181  16:14  Liberator x4  
  181  16:16  Marine x4  
  163  16:24  Liberator  
  97  16:27  Marine x4  
  97  16:28  Marine  
  96  16:33  Marine x2, Siege Tank  
  96  16:34  Marine x2  
  91  16:45  Marine x5  
  91  16:54  Marine  
  83  16:56  Liberator  
  83  16:58  Marine x3  
  83  17:01  SCV x3  
  74  17:04  Marauder  
  74  17:05  Marine x2, Siege Tank  
  74  17:06  Marine x2  
  84  17:11  Marine  
  84  17:13  SCV x3  
  84  17:14  Viking  
  93  17:16  Marine x3  
  96  17:23  Marine x4  
  96  17:25  Marine  
  96  17:29  Marine  
  102  17:34  Marine x3  
  105  17:41  Marine x4  
  105  17:42  Marine  
  110  17:47  Marine  
  111  17:51  Marine  
  111  17:52  Command Center, Marine x2  
  114  17:59  Marine x4  
  114  18:00  Marine  
  114  18:02  Viking x2  
  114  18:05  Marine  
  124  18:09  Marine x3  
  127  18:16  Marine, Orbital Command  
  127  18:17  Marine x3  
  127  18:18  SCV, Marine  
  133  18:23  Marine  
  134  18:28  Marine x3  
  137  18:34  Marine x2  
  137  18:35  Marine x2  
  137  18:36  Marine  
  137  18:41  Marine  
  143  18:42  Orbital Command  
  143  18:45  Marine  
  143  18:46  Marine x2  
  146  18:52  Marine x3  
  146  18:55  Marine x2  
  149  18:58  Marine  
  152  19:03  Marine x2  
  152  19:04  Marine  
  158  19:10  Viking, Marine x3  
  158  19:13  Marine x2  
  158  19:16  Marine  
  163  19:21  Marine x3  
  159  19:49  Marine x6  
  159  19:50  Marine x3  
  142  20:07  Marine x2  
  95  20:09  Marine x2  
  95  20:10  Marine x5  
  95  20:11  Viking x4  
  95  20:24  Marine x2  
  95  20:27  Marine x3  
Tags
 
Add a new tag
Caveats
  • Supply blocks, unpowered buildings, or Contaminate may cause inaccurate times.
  • Supply counts are checked every 10 seconds.